Map: Solaris LE

Players

Subwayeatn - Winner!

  • Race: Zerg Zerg
  • League: Platinum
  • Spawn Location: 7:00

puppy

  • Race: Zerg Zerg
  • League: Diamond
  • Spawn Location: 1:00

VOD

Have the link to the VOD?

Description

Time

  • Played on: Nov. 7, 2023, 10:24 a.m.
  • Length: 3:32
Show
View Real Time Build Order
Export as new Build Order

Subwayeatn Zerg - Winner!

Build Orders: Pool First 

Get SALT Encoding   

  12  0:00  Drone  
  13  0:08  Drone  
  13  0:12  Extractor  
  13  0:29  Spawning Pool  
  12  0:58  Hatchery  
  11  1:15  Queen  
  13  1:26  Overlord  
  13  1:36  Metabolic Boost  
  13  1:41  Zergling x2  
  13  1:46  Zergling x2  
  15  1:57  Zergling x4  
  17  2:09  Zergling x2  
  17  2:13  Zergling x2  
  19  2:17  Zergling x2  
  20  2:37  Zergling x6  
  20  2:38  Zergling x4  
  25  2:52  Zergling x6  
  25  2:55  Overlord  
Show
View Real Time Build Order
Export as new Build Order

puppy Zerg 

Build Orders: Pool First 

Get SALT Encoding   

  12  0:01  Drone  
  13  0:08  Drone  
  14  0:19  Extractor  
  13  0:23  Drone  
  15  0:32  Spawning Pool  
  14  0:36  Extractor  
  14  0:38  Drone  
  15  1:02  Hatchery  
  14  1:09  Overlord  
  14  1:18  Extractor  
  14  1:19  Drone  
  14  1:30  Zergling x4  
  16  1:35  Drone  
  17  1:44  Drone  
  18  1:54  Drone  
  19  2:02  Queen  
  19  2:04  Drone  
  22  2:14  Queen  
  23  2:34  Zergling x8  
  26  2:39  Baneling Nest  
  25  2:48  Roach Warren  
  25  2:50  Drone  
  25  2:55  Zergling x6  
  24  3:06  Zergling x2  
  24  3:07  Zergling x2  
  24  3:08  Zergling x2  
Tags
 
Matchup
ZvZ
Race
Zerg
Replay Pack
Multiplayer
Spawn Locations
Cross Positions
Add a new tag
Caveats
  • Supply blocks, unpowered buildings, or Contaminate may cause inaccurate times.
  • Supply counts are checked every 10 seconds.